 Dungeon Crawl Stone Soup version 0.28.0-53-g5a82cb258f (webtiles) character file.

Game seed: 6033288841549366185

12 VictoriousLee the Skirmisher (level 2, 0/24 HPs)
             Began as a Demonspawn Abyssal Knight on June 2, 2022.
             Was a Follower of Lugonu.
             Slain by a gnoll
             ... wielding a +0 club
              (2 damage)
             ... on level 1 of the Dungeon.
             The game lasted 00:01:57 (379 turns).

VictoriousLee the Skirmisher (DsAK)                  Turns: 379, Time: 00:01:58

Health: 0/24       AC:  3    Str: 13    XL:     2   Next: 20%
Magic:  3/3        EV: 11    Int: 13    God:    Lugonu [*.....]
Gold:   0          SH:  0    Dex: 13    Spells: 1/1 levels left

rFire   . . .      SeeInvis .   a - +1 mace
rCold   . . .      Faith    .   (no shield)
rNeg    . . .      Spirit   .   b - +0 leather armour
rPois   .          Reflect  .   (no helmet)
rElec   .          Harm     .   (no cloak)
rCorr   .          Rampage  .   (no gloves)
Will    .....                   (no boots)
Stlth   +.........              (no amulet)
HPRegen 0.08/turn               (no ring)
MPRegen 0.08/turn               (no ring)

@: no status effects
A: big brain 1
a: Renounce Religion, Depart the Abyss


You were on level 1 of the Dungeon.
You worshipped Lugonu.
Lugonu was aware of your devotion.
You visited 1 branch of the dungeon, and saw 1 of its levels.
You visited the Abyss 1 time.

Inventory:

Hand Weapons
 a - a +1 mace (weapon)
Missiles
 d - 24 stones
Armour
 b - a +0 leather armour (worn)
Scrolls
 c - 2 scrolls of magic mapping {unknown}
 e - a scroll of teleportation {unknown}


   Skills:
 - Level 3.0 Fighting
 + Level 2.6 Maces & Flails
 - Level 1.7 Armour
 - Level 0.8 Dodging
 - Level 2.4 Invocations


You had one spell level left.
You didn't know any spells.
Your spell library was empty.

Dungeon Overview and Level Annotations

Branches:
Dungeon (1/15)

Altars:


Innate Abilities, Weirdness & Mutations

You have an unusually large brain. (Int +2)


Message History

You sock the bat!
You kill the bat!
Lugonu accepts your kill.
You completely miss the gnoll. The gnoll closely misses you.
An endoplasm comes into view.
You barely miss the gnoll.
The endoplasm quivers.
The gnoll barely misses you.
An endoplasm comes into view.
The gnoll hits you with a +0 club.
You closely miss the gnoll.
The endoplasm jiggles.
The gnoll barely misses you.
You closely miss the gnoll. The gnoll barely misses you.
You see here a bat corpse.
You barely miss the gnoll. The gnoll hits you with a +0 club.
You hit the gnoll.
The gnoll is lightly wounded.
The gnoll hits you but does no damage. The gnoll completely misses you.
The endoplasm freezes you.
You are frozen.
There is an open door here.
There is an open door here.
You hit the gnoll.
The gnoll is moderately wounded.
The gnoll hits you with a +0 club. The gnoll hits you with a +0 club!
* * * LOW HITPOINT WARNING * * *
You hit the gnoll but do no damage.
The gnoll is moderately wounded.
The gnoll misses you.
You hit the gnoll.
The gnoll is severely wounded.
The gnoll barely misses you.
You hit the gnoll. You punch the gnoll, but do no damage.
The gnoll is almost dead.
The gnoll hits you with a +0 club.
* * * LOW HITPOINT WARNING * * *
The endoplasm jiggles.
The gnoll hits you with a +0 club.
You die...

..##..## ##)###.....###.###.
.......## ##...###...###...###
..####..## ##.....###.###.....##
..####...####.......#####.......#
.......#..##.........# #....<....
.......##..##.......## ##.......#
.......###..##.....## ##.....##
.......# ##..##...## ##...##
.....††# #...##@## ##.##
#....#.#####J..#g# ###
#....#...###.J.#J###
#....##....##..#J..#
#....##....+...'...#
#....##....##..#...#
#....#.........#.....#
######.....##..#####.#
#.....##.># .#


You could see a gnoll and 2 endoplasms.

Vanquished Creatures
  2 bats (D:1)
  2 goblins (D:1)
  2 jackals (D:1)
  A quokka (D:1)
  4 rats (D:1)
11 creatures vanquished.

Notes
Turn   | Place    | Note
-------+----------+-------------------------------------------
     0 | Abyss:1  | VictoriousLee the Demonspawn Abyssal Knight began the quest
                  | for the Orb.
     0 | Abyss:1  | Reached XP level 1. HP: 18/18 MP: 2/2
    39 | Abyss:1  | Noticed an earth elemental
    40 | D:1      | Escaped the Abyss
    96 | D:1      | Reached * piety under Lugonu
   296 | D:1      | Gained mutation: You have an unusually large brain. (Int
                  | +2) [demonic ancestry]
   296 | D:1      | Reached XP level 2. HP: 24/24 MP: 3/3
   379 | D:1      | Slain by a gnoll

Illustrated notes

Levels and vault maps discovered:
D:1:      elethiomel_arrival_diamonds, layout_basic,
          shapermc_ecumenical_altar_hornbeckon

Skill      XL: |  1 |
---------------+----+-----
Maces & Flails | 2 |  2.6
Fighting       | |  3.0
Armour         | |  1.7
Dodging        | |  0.8
Invocations    | |  2.4

Action                   || total
-------------------------++-------
Melee: Mace              ||    43
       Punch             ||     1
Invok: Depart the Abyss  ||     1
Armor: Leather armour    ||    10
Dodge: Dodged            ||    33
